 Dungeon Crawl Stone Soup version 0.26-a0-712-ga5a9c9c9d0 (webtiles) character file.

Game seed: 14476212198380311809

217 aaksess the Grasshopper (level 5, -2/36 HPs)
             Began as a Gnoll Wanderer on Nov 2, 2020.
             Slain by an adder (4 damage)
             ... on level 3 of the Dungeon.
             The game lasted 00:04:09 (4153 turns).

aaksess the Grasshopper (Gnoll Wanderer)            Turns: 4153, Time: 00:04:09

Health: -2/36      AC:  6    Str: 11 (12) XL:     5   Next: 94%
Magic:  9/9        EV: 12    Int: 15      God:
Gold:   137        SH:  0    Dex: 19      Spells: 9/10 levels left

rFire    . . .     SeeInvis .   a - +0 mace
rCold    . . .     Faith    .   (no shield)
rNeg     + . .     Spirit   .   f - +2 leather armour {rN+}
rPois    .         Reflect  .   (no helmet)
rElec    .         Harm     .   (no cloak)
rCorr    .         Rampage  .   b - +0 pair of gloves
MR       .....                  (no boots)
Stlth    ++........             (no amulet)
HPRegen  0.12/turn              (no ring)
MPRegen  0.11/turn              (no ring)

@: lethally poisoned (-2 -> -15)
A: distributed training, fangs 1, agile 1, blurry vision 1, frail 1, MP-powered
wands, strong nose
a: no special abilities


You were on level 3 of the Dungeon.
You visited 1 branch of the dungeon, and saw 3 of its levels.

You collected 137 gold pieces.

Inventory:

Hand Weapons
 a - a +0 mace (weapon)
 n - a +0 hunting sling
Missiles
 o - 80 stones (quivered)
 q - 67 arrows
Armour
 b - a +0 pair of gloves (worn)
 d - a +0 robe
 f - a +2 leather armour of positive energy (worn)
Scrolls
 c - a scroll of immolation {unknown}
 e - 2 scrolls of remove curse {unknown}
 g - 3 scrolls of identify {unknown}
 i - a scroll of enchant weapon {unknown}
 j - 2 scrolls of amnesia {unknown}
 k - a scroll of fog {unknown}
 l - a scroll of noise {unknown}
 m - 2 scrolls of teleportation {unknown}
Potions
 h - a potion of mutation
 p - a potion of haste


   Skills:
 + Level 3.1 Fighting
 + Level 1.7 Short Blades
 + Level 1.7 Long Blades
 + Level 1.7 Axes
 + Level 4.9 Maces & Flails
 + Level 1.7 Polearms
 + Level 1.7 Staves
 + Level 1.7 Slings
 + Level 1.7 Bows
 + Level 1.7 Crossbows
 + Level 3.1 Throwing
 + Level 1.7 Armour
 + Level 1.7 Dodging
 + Level 1.7 Stealth
 + Level 3.1 Shields
 + Level 1.7 Unarmed Combat
 + Level 3.3 Spellcasting
 + Level 1.3 Conjurations
 + Level 1.3 Hexes
 + Level 1.3 Summonings
 + Level 1.3 Necromancy
 + Level 5.6 Translocations
 + Level 2.5 Transmutations
 + Level 1.3 Fire Magic
 + Level 1.3 Ice Magic
 + Level 1.3 Air Magic
 + Level 1.3 Earth Magic
 + Level 1.3 Poison Magic
 + Level 1.9 Invocations
 + Level 1.7 Evocations


You had 9 spell levels left.
You knew the following spells:

 Your Spells              Type           Power        Failure   Level
a - Beastly Appendage     Tmut           ##....       9%          1

Your spell library contained the following spells:

 Spells                   Type           Power        Failure   Level
 Sting                    Tmut/Pois      #...         12%         1
 Wereblood                Tmut           ##......     14%         2
 Spider Form              Tmut/Pois      #.........   34%         3
 Mephitic Cloud           Conj/Pois/Air  #.......     41%         3
 Ice Form                 Ice/Tmut       #.......     75%         4
 Blade Hands              Tmut           ##........   94%         5


Dungeon Overview and Level Annotations

Branches:
Dungeon (3/15)

Altars:


Innate Abilities, Weirdness & Mutations

Your experience applies equally to all skills.
You have very sharp teeth.
Your uncanny sense of smell can sniff out nearby items.
You are agile. (Dex +2)
Scrolls take you a little longer to read.
You are frail. (-10% HP)
You expend magic power (3 MP) to strengthen your wands.


Message History

You bite the adder, but do no damage.
The adder is almost dead.
You feel sick. The adder bites you.
* * * LOW HITPOINT WARNING * * *
You are lethally poisoned!
The adder poisons you! The worm bites you.
* * * LOW HITPOINT WARNING * * *
The adder completely misses you.
It was a potion of mutation.
You feel extremely strange.
Your vision blurs.
You feel frail.
You feel agile.
You feel your magical essence link to the dungeon's wands.
* * * LOW HITPOINT WARNING * * *
You feel sick. The adder bites you.
* * * LOW HITPOINT WARNING * * *
The worm closely misses you.
You miss the adder.
The adder is almost dead.
* * * LOW HITPOINT WARNING * * *
You feel sick. The adder bites you.
You die...

### #.. #######.#
#.......# #.#####.#
##### #.#...... .....##
#.#.###..
......S#########.#.###..
###.###@##..............
#.....#w##.###########..
#.###.#.##.# ##.
#..|..#.##.# #.
#.###.#.##.# #.
#...w.#.##.##### ##+
###.###........# ##..
.......###.###.### ##...
###.##. #.......###....


You could see a worm and an adder.

Vanquished Creatures
  An ogre (D:3)
  Robin (D:2)
  3 adders (D:2)
  A shadow imp (D:2)
  2 worms (D:2)
  4 dart slugs
  4 orcs (D:3)
  7 bats
  4 giant cockroaches
  17 goblins
  13 hobgoblins
  A quokka (D:2)
  5 frilled lizards
  3 kobolds
  8 rats
74 creatures vanquished.

Notes
Turn   | Place    | Note
-------+----------+-------------------------------------------
     0 | D:1      | aaksess the Gnoll Wanderer began the quest for the Orb.
     0 | D:1      | aaksess set off with the following items: a +0 mace, a +0
                  | robe; and the following spells available to memorise:
                  | Beastly Appendage, Sting, Wereblood, Spider Form, Mephitic
                  | Cloud, Ice Form, Blade Hands
     0 | D:1      | Reached XP level 1. HP: 17/17 MP: 4/4
   257 | D:1      | Reached XP level 2. HP: 23/23 MP: 5/5
  1058 | D:1      | Learned a level 1 spell: Beastly Appendage
  1090 | D:1      | Reached XP level 3. HP: 28/28 MP: 7/7
  1546 | D:2      | Reached skill level 1 in Invocations
  1992 | D:2      | Reached skill level 1 in Short Blades
  1992 | D:2      | Reached skill level 1 in Long Blades
  1992 | D:2      | Reached skill level 1 in Axes
  1992 | D:2      | Reached skill level 1 in Polearms
  1992 | D:2      | Reached skill level 1 in Staves
  1992 | D:2      | Reached skill level 1 in Slings
  1992 | D:2      | Reached skill level 1 in Bows
  1992 | D:2      | Reached skill level 1 in Crossbows
  1992 | D:2      | Reached skill level 1 in Armour
  1992 | D:2      | Reached skill level 1 in Dodging
  1992 | D:2      | Reached skill level 1 in Stealth
  1992 | D:2      | Reached skill level 1 in Unarmed Combat
  1992 | D:2      | Reached skill level 1 in Evocations
  2016 | D:2      | HP: 1/28 [poisoned by an adder]
  2321 | D:2      | Reached XP level 4. HP: 33/34 MP: 8/8
  2842 | D:2      | Found a faded altar of an unknown god.
  2999 | D:2      | Noticed Robin
  3001 | D:2      | Reached skill level 1 in Conjurations
  3001 | D:2      | Reached skill level 1 in Hexes
  3001 | D:2      | Reached skill level 1 in Summonings
  3001 | D:2      | Reached skill level 1 in Necromancy
  3001 | D:2      | Reached skill level 1 in Fire Magic
  3001 | D:2      | Reached skill level 1 in Ice Magic
  3001 | D:2      | Reached skill level 1 in Air Magic
  3001 | D:2      | Reached skill level 1 in Earth Magic
  3001 | D:2      | Reached skill level 1 in Poison Magic
  3359 | D:2      | Killed Robin
  3709 | D:2      | Reached XP level 5. HP: 38/40 MP: 9/9
  4117 | D:3      | Noticed an ogre
  4138 | D:3      | Killed an ogre
  4152 | D:3      | Gained mutation: Scrolls take you a little longer to read.
                  | [potion of mutation]
  4152 | D:3      | Gained mutation: You are frail. (-10% HP) [potion of
                  | mutation]
  4152 | D:3      | Gained mutation: You are agile. (Dex +2) [potion of
                  | mutation]
  4152 | D:3      | Gained mutation: You expend magic power (3 MP) to
                  | strengthen your wands. [potion of mutation]
  4153 | D:3      | Slain by an adder

Illustrated notes

Levels and vault maps discovered:
D:1:      elethiomel_arrival_infinity_welcomes_careful_drivers, layout_rooms
D:2:      layout_loops_corners, chequers_ecumenical_altar_simple_redux,
          uniq_robin
D:3:      layout_loops_corners, minmay_checkerbox, uniq_jessica

Skill      XL: |  1  2  3  4  5 |
---------------+----------------+-----
Transmutations | 2 |  2.5
Invocations    | 1 |  1.9
Short Blades   | 1 |  1.7
Long Blades    | 1 |  1.7
Axes           | 1 |  1.7
Polearms       | 1 |  1.7
Staves         | 1 |  1.7
Slings         | 1 |  1.7
Bows           | 1 |  1.7
Crossbows      | 1 |  1.7
Armour         | 1 |  1.7
Dodging        | 1 |  1.7
Stealth        | 1 |  1.7
Unarmed Combat | 1 |  1.7
Evocations     | 1 |  1.7
Spellcasting   | 3 |  3.3
Conjurations   | 1 |  1.3
Hexes          | 1 |  1.3
Summonings     | 1 |  1.3
Necromancy     | 1 |  1.3
Fire Magic     | 1 |  1.3
Ice Magic      | 1 |  1.3
Air Magic      | 1 |  1.3
Earth Magic    | 1 |  1.3
Poison Magic   | 1 |  1.3
Fighting       | 3 |  3.1
Throwing       | 3 |  3.1
Shields        | 3 |  3.1
Maces & Flails | |  4.9
Translocations | |  5.6

Action                   |  1- 3 |  4- 6 || total
-------------------------+-------+-------++-------
Melee: Mace              |   126 |   105 ||   231
       Bite              |     6 |    11 ||    17
       Kick              |     4 |    13 ||    17
       Headbutt          |     1 |     9 ||    10
       Punch             |       |     1 ||     1
 Cast: Beastly Appendage |     3 |    11 ||    14
  Use: Potion            |     4 |     1 ||     5
 Stab: Sleeping          |     6 |     2 ||     8
       Distracted        |       |     1 ||     1
Armor: Robe              |    24 |     8 ||    32
       Leather armour    |       |    15 ||    15
Dodge: Dodged            |    81 |    74 ||   155

Table legend: (Time is in decaauts)
 A = Elapsed time spent in this place.
 B = Non-inter-level travel time spent in this place.
 C = Inter-level travel time spent in this place.
 D = Time resting spent in this place.
 E = Time spent auto-exploring this place.
 F = Levels seen in this place.
 G = Mean time per level.
                   A        B        C        D        E       F      G
               +--------+--------+--------+--------+--------+-----+--------+
         Total |   4175 |   4015 |    160 |    903 |   2469 |   3 | 1391.7 |
       Dungeon |   4175 |   4015 |    160 |    903 |   2469 |   3 | 1391.7 |
               +--------+--------+--------+--------+--------+-----+--------+

Top non-repeatable levels by time:
     D:2: 2275 daAuts
     D:1: 1673 daAuts
     D:3: 225 daAuts
